 Dungeon Crawl Stone Soup version 0.29-a0-495-g17b79114eb (webtiles) character file.

Game seed: 1914916965730558637

162 davecave the Ruffian (level 5, -9/51 (53) HPs)
             Began as a Troll Berserker on May 27, 2022.
             Was a Believer of Trog.
             Engulfed by a steam dragon's steam (10 damage)
             ... on level 4 of the Dungeon.
             The game lasted 00:03:04 (1676 turns).

davecave the Ruffian (Troll Berserker)              Turns: 1676, Time: 00:03:05

HP:   -9/51 (53)    AC:  5    Str: 25    XL:     5   Next: 19%
MP:   4/4           EV: 10    Int:  5    God:    Trog [**....]
Gold: 146           SH:  0    Dex:  9    Spells: 4/4 levels left

rFire   . . .      SeeInvis .     - Unarmed
rCold   . . .      Faith    .   (no shield)
rNeg    . . .      Spirit   .   a - +0 animal skin
rPois   .          Reflect  .   b - +0 hat
rElec   .          Harm     .   j - +0 cloak
rCorr   .          Rampage  .   (gloves unavailable)
Will    .....                   (boots unavailable)
Stlth   +.........              (no amulet)
HPRegen 0.97/turn               (no ring)
MPRegen 0.09/turn               (no ring)

@: confused, ambrosia-drunk, lightly drained
A: large, unfitting armour, claws 3, regeneration 1, shaggy fur 1, tough skin 1
a: Renounce Religion, Berserk, Trog's Hand


You were on level 4 of the Dungeon.
You worshipped Trog.
Trog was pleased with you.
You visited 1 branch of the dungeon, and saw 4 of its levels.

You collected 146 gold pieces.

Inventory:

Armour
 a - a +0 animal skin (worn)
 b - a +0 hat (worn)
 j - a +0 cloak (worn)
Jewellery
 h - an amulet of magic regeneration
Scrolls
 d - a scroll of vulnerability {unknown}
 e - a scroll of amnesia {unknown}
 g - a scroll of acquirement {unknown}
 l - 2 scrolls of poison {unknown}
 m - a scroll of magic mapping {unknown}
 o - a scroll of enchant armour {unknown}
Potions
 c - 2 potions of flight {unknown}
 i - a potion of curing {unknown}
 k - a potion of lignification {unknown}
 n - a potion of might {unknown}


   Skills:
 - Level 3.0 Fighting
 - Level 3.0 Dodging
 + Level 5.0 Unarmed Combat


You had 4 spell levels left.
You didn't know any spells.
Your spell library was empty.

Dungeon Overview and Level Annotations

Branches:
Dungeon (4/15)
 Temple: D:4-7

Altars:
Beogh


Innate Abilities, Weirdness & Mutations

You are too large for most types of armour.
You have claws for hands.
Your natural rate of healing is unusually fast.
You are covered in fur. (AC +1)
You have tough skin. (AC +1)


Message History

No target in view!
No target in view!
No target in view!
No target in view!
No target in view!
The steam dragon barely misses you. The steam dragon claws you.
You scratch the steam dragon but do no damage.
You claw the steam dragon!
The steam dragon is moderately wounded.
The steam dragon misses you. The steam dragon barely misses you.
You closely miss the steam dragon.
The steam dragon is moderately wounded.
The steam dragon breathes steam at you. The ball of steam hits you!
You hear a shout!
You hear a bark!
You are too injured to fight recklessly!
You are too injured to fight recklessly!
You are too injured to fight recklessly!
You closely miss the steam dragon.
The steam dragon is moderately wounded.
You are engulfed in a cloud of scalding steam.
The steam dragon closely misses you. The steam dragon claws you.
The steam dragon barely misses you.
The steam dragon claws you but does no damage.
You scratch the steam dragon.
The steam dragon is moderately wounded.
The steam dragon breathes steam at you. The ball of steam hits you!
* * * LOW HITPOINT WARNING * * *
You hear a bark!
You claw the steam dragon!
The steam dragon is heavily wounded.
You are engulfed in a cloud of scalding steam.
* * * LOW HITPOINT WARNING * * *
The steam dragon barely misses you. The steam dragon claws you.
* * * LOW HITPOINT WARNING * * *
You are confused.
You feel invigorated.
You are engulfed in a cloud of scalding steam.
You die...

...... ..# .#
#.....##.# # ..#
###........## .#.... #
#.....##....# .#....
.#.#...........##..#...
................$......
#............§§§.....
##...<......D@§.§.#
#............§§...#
#...............!.#
....##.............##
... #.##..........# ..
#. #....##.#### . ..
#.....### .## #.!.....
#. #.#...###


You could see a steam dragon (catching breath).

Vanquished Creatures
  An orc priest (D:3)
  Crazy Yiuf (D:2)
  An orc wizard (D:3)
  3 adders
  5 orcs
  5 bats
  2 endoplasms
  A giant cockroach (D:2)
  3 goblins
  3 hobgoblins
  3 jackals (D:1)
  4 quokkas
  2 frilled lizards (D:2)
  7 kobolds
  4 rats (D:1)
45 creatures vanquished.

Notes
Turn   | Place    | Note
-------+----------+-------------------------------------------
     0 | D:1      | davecave the Troll Berserker began the quest for the Orb.
     0 | D:1      | Reached XP level 1. HP: 22/22 MP: 0/0
   228 | D:1      | Reached XP level 2. HP: 28/29 MP: 1/1
   452 | D:1      | You fall into a shaft and drop 1 floor!
   843 | D:2      | Reached XP level 3. HP: 37/37 MP: 2/2
   863 | D:2      | Found a runed translucent door.
   864 | D:2      | Noticed Crazy Yiuf
   870 | D:2      | Killed Crazy Yiuf
  1003 | D:2      | Reached XP level 4. HP: 45/45 MP: 3/3
  1054 | D:2      | Found a faded altar of an unknown god.
  1127 | D:3      | Reached ** piety under Trog
  1130 | D:3      | Reached skill level 4 in Unarmed Combat
  1202 | D:3      | Reached XP level 5. HP: 45/53 MP: 4/4
  1249 | D:3      | Reached skill level 5 in Unarmed Combat
  1664 | D:4      | Noticed a steam dragon
  1675 | D:4      | HP: 1/51 [steam dragon (3)]
  1676 | D:4      | Engulfed by a steam dragon's steam

Illustrated notes

Levels and vault maps discovered:
D:1:      dpeg_arrival_orchard, layout_rooms, serial_corexii_hall,
          corexii_hall_statues_u, corexii_hall_statues_deadend,
          chequers_hall_statues_wall_a, corexii_hall_statues_i,
          hangedman_decor_peaks_small, minmay_3d_cube
D:2:      layout_basic, hellmonk_ecumenical_altar_defaced_shrine,
          uniq_crazy_yiuf_cottage
D:3:      layout_rooms, minmay_goblin_kobold_house
D:4:      layout_cave_pools

Skill      XL: |  1  2  3  4  5 |
---------------+----------------+-----
Fighting       | 3 |  3.0
Dodging        | 3 |  3.0
Unarmed Combat | 4 5 |  5.0

Action                   |  1- 3 |  4- 6 || total
-------------------------+-------+-------++-------
Melee: Unarmed           |    53 |    61 ||   114
       Punch             |       |     1 ||     1
  Use: Scroll            |     2 |       ||     2
       Potion            |       |     1 ||     1
Armor: Animal skin       |    13 |    17 ||    30
Dodge: Dodged            |    25 |    29 ||    54

Table legend: (Time is in decaauts)
 A = Elapsed time spent in this place.
 B = Non-inter-level travel time spent in this place.
 C = Inter-level travel time spent in this place.
 D = Time resting spent in this place.
 E = Time spent auto-exploring this place.
 F = Levels seen in this place.
 G = Mean time per level.
                   A        B        C        D        E       F      G
               +--------+--------+--------+--------+--------+-----+--------+
         Total |   1667 |   1450 |    217 |      0 |   1138 |   4 |  416.8 |
       Dungeon |   1667 |   1450 |    217 |      0 |   1138 |   4 |  416.8 |
               +--------+--------+--------+--------+--------+-----+--------+

Top non-repeatable levels by time:
     D:1: 683 daAuts
     D:3: 545 daAuts
     D:2: 424 daAuts
     D:4: 14 daAuts
